 Dungeon Sprint DCSS version 0.27-a0-808-g60bc5d92e6 (webtiles) character file.

Game seed: 9853223017513712057

109 mhtbhm the Cudgeller (level 4, -7/75 HPs)
             Began as a Troll Berserker on Mar 28, 2021.
             Was a Believer of Trog.
             Mangled by a killer bee (8 damage)
             ... in the Dungeon (Sprint IV: "Fedhas' Mad Dash").
             The game lasted 00:00:43 (341 turns).

mhtbhm the Cudgeller (Troll Berserker)               Turns: 341, Time: 00:00:44

Health: -7/75      AC:  4    Str: 26    XL:     4   Next: 60%
Magic:  2/3        EV: 10    Int:  3    God:    Trog [**....]
Gold:   76         SH:  0    Dex:  9    Spells: 3/3 levels left

rFire    . . .     SeeInvis .   a - +0 mace
rCold    . . .     Faith    .   (no shield)
rNeg     . . .     Spirit   .   b - +0 animal skin
rPois    .         Reflect  .   (helmet restricted)
rElec    .         Harm     .   (no cloak)
rCorr    .         Rampage  .   (gloves unavailable)
Will     .....     NoTele   +   (boots unavailable)
Stlth    ..........             i - amulet of invisibility {+Inv}
HPRegen  1.22/turn              (no ring)
MPRegen  0.08/turn              (no ring)

@: berserking (expiring), lethally poisoned (-7 -> -32), very slightly
contaminated, very quick
A: large, unfitting armour, claws 3, regeneration 1, shaggy fur 1, tough skin 1
a: Renounce Religion, Evoke Invisibility, Berserk, Trog's Hand


You were in the Dungeon.
You worshipped Trog.
Trog was pleased with you.
You visited 1 branch You collected 76 gold pieces.

Inventory:

Hand Weapons
 a - a +0 mace (weapon)
Armour
 b - a +0 animal skin (worn)
Jewellery
 i - the amulet of invisibility (around neck) {+Inv}
   (You found it in the Dungeon)

   [amulet of nothing]

   It lets you turn invisible.
Scrolls
 h - a scroll of blinking
Potions
 c - a potion of curing
 d - a potion of heal wounds
 e - a potion of haste
 f - 2 potions of magic
 g - a potion of berserk rage


   Skills:
 + Level 5.0 Fighting
 + Level 5.6 Maces & Flails
 + Level 4.9 Dodging
 + Level 0.1 Stealth
 + Level 0.1 Evocations


You had 3 spell levels left.
You didn't know any spells.
Your spell library was empty.

Dungeon Overview and Level Annotations

Branches:
Dungeon (1/1)

Altars:


Innate Abilities, Weirdness & Mutations

You are too large for most types of armour.
You have claws for hands.
Your natural rate of healing is unusually fast.
You are covered in fur. (AC +1)
You have tough skin. (AC +1)


Message History

The queen bee is lightly wounded.
You feel very sick. The killer bee stings you!
You are more poisoned.
The killer bee poisons you! The killer bee barely misses you.
The killer bee stings you but does no damage.
The killer bee barely misses you.
You flicker back into view.
You feel very sick. The killer bee stings you.
* * * LOW HITPOINT WARNING * * *
You are more poisoned.
The killer bee poisons you!
Unknown command.
You barely miss the killer bee.
The killer bee is almost dead.
* * * LOW HITPOINT WARNING * * *
You feel very sick.
The killer bee stings you but does no damage. x2
The killer bee stings you.
* * * LOW HITPOINT WARNING * * *
You are lethally poisoned!
The killer bee poisons you!
* * * LOW HITPOINT WARNING * * *
You feel very sick. The killer bee stings you.
* * * LOW HITPOINT WARNING * * *
You feel a strong urge to attack something.
* * * LOW HITPOINT WARNING * * *
You feel very sick. The killer bee stings you.
* * * LOW HITPOINT WARNING * * *
You are more poisoned.
The killer bee poisons you! The killer bee closely misses you.
The queen bee calls on the killer bee to defend it!
The killer bee goes berserk!
The queen bee calls on the killer bee to defend it!
The killer bee goes berserk!
The killer bee completely misses you. The killer bee stings you!
You die...

##################
#<...#.†...#.....#
#PP..'.(...'.#†[.+
#PPPP#.....#.#...#
###############'##
#...♣@.......'...#
#...yyy♣.....#...#
#...y.♣..♣..######
##+####+#####


You could see a queen bee and 3 killer bees.

Vanquished Creatures
  A scorpion (D)
  2 oklob saplings (D)
  A river rat (D)
  A rat (D)
5 creatures vanquished.

Vanquished Creatures (others)
  A fungus (D)
1 creature vanquished.

Grand Total: 6 creatures vanquished

Notes
Turn   | Place    | Note
-------+----------+-------------------------------------------
     0 | D        | mhtbhm the Troll Berserker began the quest for the Orb.
     0 | D        | Reached XP level 1. HP: 22/22 MP: 0/0
    14 | D        | Reached XP level 2. HP: 31/31 MP: 1/1
    58 | D        | Noticed an oklob sapling
    63 | D        | Killed an oklob sapling
    63 | D        | Reached ** piety under Trog
    64 | D        | Reached XP level 3. HP: 39/39 MP: 2/2
   198 | D        | Noticed a scorpion
   199 | D        | Found the amulet of invisibility {+Inv}
   203 | D        | Killed a scorpion
   204 | D        | Reached skill level 5 in Maces & Flails
   204 | D        | Reached XP level 4. HP: 49/49 MP: 3/3
   266 | D        | Reached skill level 5 in Fighting
   325 | D        | Noticed a queen bee
   341 | D        | HP: 1/75 [killer bee (6)]
   341 | D        | Mangled by a killer bee

Illustrated notes

Levels and vault maps discovered:
D:        dungeon_sprint_fedhas [sprint_temple]

Skill      XL: |  1  2  3  4 |
---------------+-------------+-----
Fighting       | 3 4 5 |  5.0
Maces & Flails | 3 4 5 |  5.6
Dodging        | 3 4 |  4.9
Stealth        | |  0.1
Evocations     | |  0.1

Action                   |  1- 3 |  4- 6 || total
-------------------------+-------+-------++-------
Melee: Mace              |    15 |     9 ||    24
Invok: Berserk           |     3 |     2 ||     5
 Abil: Evoke Invisibilit |       |     2 ||     2
Armor: Animal skin       |     2 |     6 ||     8
Dodge: Dodged            |     5 |    19 ||    24

Table legend: (Time is in decaauts)
 A = Elapsed time spent in this place.
 B = Non-inter-level travel time spent in this place.
 C = Inter-level travel time spent in this place.
 D = Time resting spent in this place.
 E = Time spent auto-exploring this place.
 F = Levels seen in this place.
 G = Mean time per level.
                   A        B        C        D        E       F      G
               +--------+--------+--------+--------+--------+-----+--------+
         Total |    380 |    380 |      0 |    279 |      0 |   1 |  380.0 |
       Dungeon |    380 |    380 |      0 |    279 |      0 |   1 |  380.0 |
               +--------+--------+--------+--------+--------+-----+--------+

Top non-repeatable levels by time:
       D: 380 daAuts
